IL
OKLAHOMA CITY DODGERS @ RENO ACES
08/18/2046
 
TOP OF THE 1ST
Oklahoma City Dodgers batting - Pitching for Reno Aces : LHP David Legg
Pitching: LHP David Legg
Batting: RHB Jonathan Rangel 0-0: Ball
1-0: Ball
2-0: Called Strike
2-1: Called Strike
2-2: Ball
3-2: Fly out, F7 (Flyball, 78S, EV 86.9 MPH)
Batting: LHB Frank Mullen 0-0: Called Strike
0-1: Foul Ball, location: 2F
0-2: Foul Ball, location: 2F
0-2: Foul Ball, location: 2F
0-2: Strikes out looking
Batting: SHB Ken Welch 0-0: Ball
1-0: Called Strike
1-1: Called Strike
1-2: Ball
2-2: Foul Ball, location: 2F
2-2: Ball
3-2: Base on Balls
Batting: RHB Mike Dodson 0-0: Ball
1-0: Fielders Choice at 2nd, 5-4 (Groundball, 56, EV 93.1 MPH)
Top of the 1st over - 0 runs, 0 hits, 0 errors, 1 left on base; Oklahoma City 0 - Reno 0
BOTTOM OF THE 1ST
Reno Aces batting - Pitching for Oklahoma City Dodgers : RHP Jean-Michel Hamon
Pitching: RHP Jean-Michel Hamon
Batting: RHB Ji-an Li 0-0: Ball
1-0: Fly out, F8 (Flyball, 8LS, EV 93.1 MPH)
Batting: RHB Ruben Garza 0-0: Ball
1-0: SINGLE (Groundball, 34D, EV 96.2 MPH)
Batting: LHB Bobby Arevalo 0-0: Ball
1-0: Called Strike
1-1: SINGLE (Groundball, 56S, EV 70.6 MPH) (infield hit)
Ruben Garza to second
Batting: RHB Jon Solano 0-0: Called Strike
0-1: Ball
1-1: Swinging Strike
1-2: Foul Ball, location: 2F
1-2: DOUBLE (Flyball, 8LXD, EV 97.5 MPH)
Ruben Garza scores
Bobby Arevalo to third
Runner from 3rd tries for Home, SAFE, throw by CF to trailing runner, SAFE at third!
Batting: LHB Ian Jarvis 0-0: Ball
1-0: Ball
2-0: Fly out, F9 (Flyball, 9, EV 73.8 MPH)
Runner from 3rd tags up, SCORES, no throw by RF
Batting: SHB Gregg Whitecotton 0-0: Ball
1-0: Foul Ball, location: 2F
1-1: Ground out 1-3 (Groundball, 34S, EV 72.5 MPH)
Bottom of the 1st over - 3 runs, 3 hits, 0 errors, 0 left on base; Oklahoma City 0 - Reno 3
TOP OF THE 2ND
Oklahoma City Dodgers batting - Pitching for Reno Aces : LHP David Legg
Batting: RHB Martin Chavez 0-0: Ball
1-0: Foul Ball, location: 2F
1-1: Foul Ball, location: 2F
1-2: DOUBLE (Line Drive, 9LS, EV 100.0 MPH)
Batting: RHB Jose Valtierra 0-0: Foul Ball, location: 2F
0-1: Called Strike
0-2: Ball
1-2: Ball
2-2: Foul Ball, location: 2F
2-2: Foul Ball, location: 2F
2-2: Foul Ball, location: 2F
2-2: Ground out 4-3 (Groundball, 4, EV 83.8 MPH)
Martin Chavez to third
Batting: LHB Tommy King 0-0: Called Strike
0-1: Ground out 4-3 (Groundball, 4, EV 80.6 MPH)
Martin Chavez scores
Batting: RHB Jorge Benites 0-0: Called Strike
0-1: Ball
1-1: Called Strike
1-2: Ball
2-2: Foul Ball, location: 2F
2-2: Foul Ball, location: 2F
2-2: Ball
3-2: Base on Balls
Batting: RHB Jeremy Giesler 0-0: Called Strike
0-1: Ball
Jorge Benites steals 2nd base
1-1: Ball
2-1: Called Strike
2-2: Foul Ball, location: 2F
2-2: Ball
3-2: Strikes out swinging
Top of the 2nd over - 1 run, 1 hit, 0 errors, 1 left on base; Oklahoma City 1 - Reno 3
BOTTOM OF THE 2ND
Reno Aces batting - Pitching for Oklahoma City Dodgers : RHP Jean-Michel Hamon
Batting: LHB Jeff Taylor 0-0: Ball
1-0: Ball
2-0: Foul Ball, location: 2F
2-1: Ball
3-1: Fly out, F3 (Line Drive, 3, EV 71.2 MPH)
Batting: LHB Sumiki Okuhara 0-0: Called Strike
0-1: Called Strike
0-2: Fly out, F9 (Line Drive, 9, EV 95.6 MPH)
Batting: RHB Alex Vasquez 0-0: Foul Ball, location: 2F
0-1: Ball
1-1: Swinging Strike
1-2: Ball
2-2: DOUBLE (Line Drive, 89M, EV 100.0 MPH)
Batting: RHB Ji-an Li 0-0: Ball
1-0: Foul Ball, location: 2F
1-1: Ground out 4-3 (Groundball, 4, EV 108.1 MPH)
Bottom of the 2nd over - 0 runs, 1 hit, 0 errors, 1 left on base; Oklahoma City 1 - Reno 3
TOP OF THE 3RD
Oklahoma City Dodgers batting - Pitching for Reno Aces : LHP David Legg
Batting: RHB Jonathan Rangel 0-0: Ball
1-0: Called Strike
1-1: Ground out 5-3 (Groundball, 56, EV 95.6 MPH)
Batting: LHB Frank Mullen 0-0: Ball
1-0: Ball
2-0: Called Strike
2-1: Fly out, F9 (Flyball, 9, EV 91.2 MPH)
Batting: SHB Ken Welch 0-0: Ball
1-0: Ball
2-0: Ball
3-0: Called Strike
3-1: Base on Balls
Batting: RHB Mike Dodson 0-0: Fielders Choice at 2nd, 6-4 (Groundball, 6MD, EV 86.2 MPH)
Top of the 3rd over - 0 runs, 0 hits, 0 errors, 1 left on base; Oklahoma City 1 - Reno 3
BOTTOM OF THE 3RD
Reno Aces batting - Pitching for Oklahoma City Dodgers : RHP Jean-Michel Hamon
Batting: RHB Ruben Garza 0-0: Ball
1-0: Foul Ball, location: 2F
1-1: Foul Ball, location: 2F
1-2: Foul Ball, location: 2F
1-2: Ball
2-2: Ball
3-2: Ground out 4-3 (Groundball, 34, EV 84.4 MPH)
Batting: LHB Bobby Arevalo 0-0: Ball
1-0: Ball
2-0: Called Strike
2-1: Foul Ball, location: 2F
2-2: Ground out 4-3 (Groundball, 4, EV 87.5 MPH)
Batting: RHB Jon Solano 0-0: Fly out, F8 (Flyball, 89D, EV 95.6 MPH)
Bottom of the 3rd over - 0 runs, 0 hits, 0 errors, 0 left on base; Oklahoma City 1 - Reno 3
TOP OF THE 4TH
Oklahoma City Dodgers batting - Pitching for Reno Aces : LHP David Legg
Batting: RHB Martin Chavez 0-0: Ball
1-0: Ball
2-0: SINGLE (Groundball, 56D, EV 95.0 MPH)
Batting: RHB Jose Valtierra 0-0: Ball
1-0: Ball
2-0: Called Strike
2-1: Ball
3-1: Base on Balls
Martin Chavez to second
Batting: LHB Tommy King 0-0: Ball
1-0: Ball
2-0: Ball
3-0: Called Strike
3-1: Foul Ball, location: 2F
3-2: Strikes out swinging
Batting: RHB Jorge Benites 0-0: Swinging Strike
0-1: Ball
1-1: DOUBLE (Line Drive, 89M, EV 94.4 MPH)
Martin Chavez scores
Jose Valtierra to third
Runner from 3rd tries for Home, SAFE, no throw by RF
Batting: RHB Jeremy Giesler 0-0: Ball
1-0: Ball
2-0: Foul Ball, location: 2F
2-1: Ball
3-1: Fly out, F6 (Popup, 6, EV 74.4 MPH)
Batting: RHB Jonathan Rangel 0-0: Ball
1-0: Foul Ball, location: 2F
1-1: Ball
2-1: Called Strike
2-2: Ball
3-2: Base on Balls
Batting: LHB Frank Mullen 0-0: Ball
1-0: Foul Ball, location: 2F
1-1: Ground out 4-3 (Groundball, 4, EV 78.8 MPH)
Top of the 4th over - 2 runs, 2 hits, 0 errors, 2 left on base; Oklahoma City 3 - Reno 3
BOTTOM OF THE 4TH
Reno Aces batting - Pitching for Oklahoma City Dodgers : RHP Jean-Michel Hamon
Batting: LHB Ian Jarvis 0-0: Called Strike
0-1: Ball
1-1: Swinging Strike
1-2: Ball
2-2: Strikes out looking
Batting: SHB Gregg Whitecotton 0-0: Ball
1-0: Ball
2-0: Called Strike
2-1: SINGLE (Groundball, 6D, EV 97.5 MPH)
Batting: LHB Jeff Taylor 0-0: Ball
Gregg Whitecotton steals 2nd base (no throw)
1-0: Ball
2-0: Called Strike
2-1: Ball
3-1: Swinging Strike
3-2: Strikes out swinging
Batting: LHB Sumiki Okuhara 0-0: Called Strike
0-1: Ball
Wild Pitch!
Gregg Whitecotton to third
1-1: SINGLE (Groundball, 6MD, EV 103.1 MPH)
Gregg Whitecotton scores
Batting: RHB Alex Vasquez 0-0: Foul Ball, location: 2F
0-1: Ball
1-1: Ball
2-1: Foul Ball, location: 2F
2-2: Strikes out swinging
Bottom of the 4th over - 1 run, 2 hits, 0 errors, 1 left on base; Oklahoma City 3 - Reno 4
TOP OF THE 5TH
Oklahoma City Dodgers batting - Pitching for Reno Aces : LHP David Legg
Batting: SHB Ken Welch 0-0: Ball
1-0: Called Strike
1-1: Foul Ball, location: 2F
1-2: Ball
2-2: DOUBLE (Flyball, 8LXD, EV 100.0 MPH)
Batting: RHB Mike Dodson 0-0: Ball
1-0: SINGLE (Groundball, 6MD, EV 95.0 MPH)
Ken Welch to third
Batting: RHB Martin Chavez 0-0: Called Strike
0-1: Ball
1-1: Called Strike
1-2: Strikes out swinging
Batting: RHB Jose Valtierra 0-0: Ball
1-0: Ball
2-0: Foul Ball, location: 2F
2-1: Swinging Strike
2-2: Ball
3-2: SINGLE (Groundball, 6MD, EV 98.1 MPH)
Ken Welch scores
Mike Dodson to second
Runner from 2nd tries for 3rd, OUT! 8-5
Pitching: RHP Josh Pugh
Batting: LHB Tommy King 0-0: Called Strike
0-1: Foul Ball, location: 2F
0-2: Foul Ball, location: 2F
0-2: Fly out, F9 (Flyball, 9D, EV 93.8 MPH)
Top of the 5th over - 1 run, 3 hits, 0 errors, 1 left on base; Oklahoma City 4 - Reno 4
BOTTOM OF THE 5TH
Reno Aces batting - Pitching for Oklahoma City Dodgers : RHP Jean-Michel Hamon
Batting: RHB Ji-an Li 0-0: Ball
1-0: SINGLE (Groundball, 56D, EV 97.5 MPH)
Batting: RHB Ruben Garza 0-0: Called Strike
0-1: Ball
1-1: Foul Ball, location: 2F
1-2: Fly out, F9 (Line Drive, 9, EV 96.2 MPH)
Batting: LHB Bobby Arevalo 0-0: Foul Ball, location: 2F
0-1: SINGLE (Groundball, 6S, EV 65.0 MPH) (infield hit)
Ji-an Li to second
Batting: RHB Jon Solano 0-0: Ball
1-0: Called Strike
1-1: Swinging Strike
1-2: Fly out, F9 (Flyball, 9D, EV 103.8 MPH)
Runner from 2nd tags up, SAFE at 3rd, no throw by RF
Batting: LHB Ian Jarvis 0-0: SINGLE (Groundball, 4M, EV 105.6 MPH) (infield hit)
Ji-an Li scores
Bobby Arevalo to second
Batting: SHB Gregg Whitecotton 0-0: Ball
1-0: Ball
2-0: Called Strike
2-1: Fly out, F4 (Flyball, 34D, EV 96.9 MPH)
Bottom of the 5th over - 1 run, 3 hits, 0 errors, 2 left on base; Oklahoma City 4 - Reno 5
TOP OF THE 6TH
Oklahoma City Dodgers batting - Pitching for Reno Aces : RHP Josh Pugh
Batting: RHB Jorge Benites 0-0: Called Strike
0-1: Swinging Strike
0-2: Ball
1-2: Ground out 5-3 (Groundball, 56, EV 80.0 MPH)
Batting: RHB Jeremy Giesler 0-0: Ball
1-0: Ball
2-0: Ball
3-0: Called Strike
3-1: Called Strike
3-2: Foul Ball, location: 2F
3-2: Foul Ball, location: 2F
3-2: SINGLE (Line Drive, 6D, EV 96.9 MPH)
Batting: RHB Jonathan Rangel 0-0: Ball
1-0: 2-RUN HOME RUN (Flyball, 7D, EV 97.5 MPH), Distance : 380 ft
Batting: LHB Frank Mullen 0-0: Called Strike
0-1: Ball
1-1: Foul Ball, location: 2F
1-2: Strikes out swinging
Batting: SHB Ken Welch 0-0: Ball
1-0: Swinging Strike
1-1: Ball
2-1: Fly out, F7 (Flyball, 78M, EV 83.1 MPH)
Top of the 6th over - 2 runs, 2 hits, 0 errors, 0 left on base; Oklahoma City 6 - Reno 5
BOTTOM OF THE 6TH
Reno Aces batting - Pitching for Oklahoma City Dodgers : RHP Jean-Michel Hamon
Pitching: RHP Seved Landgre
Batting: LHB Jeff Taylor 0-0: Ball
1-0: Called Strike
1-1: SINGLE (Line Drive, 9LS, EV 102.5 MPH)
Batting: LHB Sumiki Okuhara 0-0: Called Strike
0-1: Swinging Strike
0-2: Ball
1-2: Strikes out swinging
Batting: RHB Alex Vasquez 0-0: Ball
1-0: Called Strike
1-1: Ball
2-1: Fly out, F7 (Flyball, 7, EV 97.5 MPH)
Batting: RHB Ji-an Li 0-0: Called Strike
Jeff Taylor is caught stealing 2nd base 2-4
Bottom of the 6th over - 0 runs, 1 hit, 0 errors, 0 left on base; Oklahoma City 6 - Reno 5
TOP OF THE 7TH
Oklahoma City Dodgers batting - Pitching for Reno Aces : RHP Josh Pugh
Batting: RHB Mike Dodson 0-0: Ball
1-0: Foul Ball, location: 2F
1-1: Ball
2-1: Ball
3-1: Fly out, F8 (Flyball, 8RM, EV 80.0 MPH)
Batting: RHB Martin Chavez 0-0: Foul Ball, location: 2F
0-1: Ball
1-1: Fly out, F8 (Flyball, 78D, EV 110.0 MPH)
Batting: RHB Jose Valtierra 0-0: Ball
1-0: Ground out 1-3 (Groundball, 13, EV 68.8 MPH)
Top of the 7th over - 0 runs, 0 hits, 0 errors, 0 left on base; Oklahoma City 6 - Reno 5
BOTTOM OF THE 7TH
Reno Aces batting - Pitching for Oklahoma City Dodgers : RHP Seved Landgre
Batting: RHB Ji-an Li 0-0: Ball
1-0: Ball
2-0: Ball
3-0: Base on Balls
Batting: RHB Ruben Garza 0-0: Ball
1-0: Fly out, F9 (Line Drive, 9D, EV 89.4 MPH)
Batting: LHB Bobby Arevalo 0-0: Ball
Ji-an Li steals 2nd base (no throw)
1-0: SINGLE (Line Drive, 9S, EV 93.1 MPH)
Ji-an Li to third
Runner from 3rd tries for Home, throw by RF and OUT! 9-2
Bobby Arevalo to second
Batting: RHB Jon Solano 0-0: SINGLE (Line Drive, 5D, EV 103.1 MPH)
Bobby Arevalo to third
Runner from 3rd tries for Home, SAFE, throw by LF to home
Batting: LHB Ian Jarvis 0-0: Ball
1-0: Ball
2-0: Fly out, F9 (Flyball, 9D, EV 98.1 MPH)
Bottom of the 7th over - 1 run, 2 hits, 0 errors, 1 left on base; Oklahoma City 6 - Reno 6
TOP OF THE 8TH
Oklahoma City Dodgers batting - Pitching for Reno Aces : RHP Josh Pugh
Pitching: RHP Jose Fernandez
Batting: LHB Tommy King 0-0: Foul Ball, location: 2F
0-1: Swinging Strike
0-2: Strikes out swinging
Batting: RHB Jorge Benites 0-0: Called Strike
0-1: Swinging Strike
0-2: Ground out 4-3 (Groundball, 4, EV 85.0 MPH)
Batting: RHB Jeremy Giesler 0-0: Ground out 6-3 (Groundball, 6, EV 82.5 MPH)
Top of the 8th over - 0 runs, 0 hits, 0 errors, 0 left on base; Oklahoma City 6 - Reno 6
BOTTOM OF THE 8TH
Reno Aces batting - Pitching for Oklahoma City Dodgers : RHP Seved Landgre
Batting: SHB Gregg Whitecotton 0-0: Ball
1-0: Ground out 4-3 (Groundball, 4MD, EV 86.2 MPH)
Batting: LHB Jeff Taylor 0-0: Ball
1-0: Ball
2-0: Foul Ball, location: 2F
2-1: Called Strike
2-2: Strikes out swinging
Batting: LHB Sumiki Okuhara 0-0: Ball
1-0: Called Strike
1-1: Ball
2-1: Ball
3-1: Base on Balls
Batting: RHB Alex Vasquez 0-0: Called Strike
0-1: Ball
1-1: Ball
2-1: SINGLE (Line Drive, 89S, EV 104.4 MPH)
Sumiki Okuhara to second
Runner from 2nd tries for 3rd, SAFE, throw by RF made to third
Batting: RHB Ji-an Li 0-0: Swinging Strike
0-1: Foul Ball, location: 2F
0-2: Strikes out swinging
Bottom of the 8th over - 0 runs, 1 hit, 0 errors, 2 left on base; Oklahoma City 6 - Reno 6
TOP OF THE 9TH
Oklahoma City Dodgers batting - Pitching for Reno Aces : RHP Jose Fernandez
Pinch Hitting: LHB Yasahiko Teshima 0-0: Ball
1-0: Foul Ball, location: 2F
1-1: Called Strike
1-2: Strikes out swinging
Batting: LHB Frank Mullen 0-0: Ball
1-0: Called Strike
1-1: Foul Ball, location: 2F
1-2: Foul Ball, location: 2F
1-2: Strikes out swinging
Batting: SHB Ken Welch 0-0: Swinging Strike
0-1: Ball
1-1: Ball
2-1: Swinging Strike
2-2: Strikes out swinging
Top of the 9th over - 0 runs, 0 hits, 0 errors, 0 left on base; Oklahoma City 6 - Reno 6
BOTTOM OF THE 9TH
Reno Aces batting - Pitching for Oklahoma City Dodgers : RHP Seved Landgre
Pitching: RHP Nate Allen
Now in RF: Darrell Ortega
Batting: RHB Ruben Garza 0-0: Ball
1-0: SINGLE (Groundball, 34D, EV 99.4 MPH)
Batting: LHB Bobby Arevalo 0-0: Called Strike
0-1: Ball
Passed Ball!
Ruben Garza to second
1-1: Ball
2-1: Foul Ball, location: 2F
2-2: Strikes out looking
Batting: RHB Jon Solano 0-0: Ball
1-0: Ball
2-0: Called Strike
2-1: Ground out 4-3 (Groundball, 4, EV 102.5 MPH)
Ruben Garza to third
Batting: LHB Ian Jarvis 0-0: Intentional Walk
Batting: SHB Gregg Whitecotton 0-0: Called Strike
0-1: Foul Ball, location: 2F
0-2: Ball
1-2: SINGLE (Line Drive, 5D, EV 103.1 MPH)
Ruben Garza scores
Bottom of the 9th over - 1 run, 2 hits, 0 errors, 1 left on base; Oklahoma City 6 - Reno 7
Tuesday, September 13th , 2022 - OOTP Baseball 23.7 Build 88